Warning! The script has encountered some errors when parsing the replay. Please report them to the . » details
0x00, prev: 0x16: 16 02 07 00 2F 58 00 00 B3 A6 00 00 E3 56 00 00 D6 22 01 00 D9 66 00 00 C5 22 01 00 5E 55 00 00 02 AF 00 00 C9 56 00 00 FE D8 00 00 B0 58 00 00 F7 99 00 00 45 66 00 00 A9 FF 00 00 [00] 00 00 00 00 00 00 00 00 00 00 00 00 00 00 00 00 00 00 00 00 00 00 00 00 00 04 1F 00 12 18 00 03 00 0D 00 FF FF FF FF FF FF FF FF 26 B3 62 45 66 7E 25 44 FF FF FF FF FF FF FF FF
0x00, prev: 0x00: 16 02 07 00 2F 58 00 00 B3 A6 00 00 E3 56 00 00 D6 22 01 00 D9 66 00 00 C5 22 01 00 5E 55 00 00 02 AF 00 00 C9 56 00 00 FE D8 00 00 B0 58 00 00 F7 99 00 00 45 66 00 00 A9 FF 00 00 00 00 00 00 00 00 00 00 00 00 00 00 00 00 00 00 00 00 00 00 00 00 00 00 [00] 00 04 1F 00 12 18 00 03 00 0D 00 FF FF FF FF FF FF FF FF 26 B3 62 45 66 7E 25 44 FF FF FF FF FF FF FF FF
General information
- name: BNet
- type: Ladder team game (AT/RT)
- host: Battle.net
- saver: Zephyd
map: Goldshire
- players: 4
- length: 12:37
- speed: Fast
- version: 1.23 W3XP
- replay type: Public
» download(65 KB)
Players
team 1 (winner)
CRIT_AND_3 (
yellow | 50 APM | 629 actions | 12:37)
5 Death Knight
3 Death Coil
2 Unholy Aura
4 Lich
2 Frost Nova
2 Dark Ritual
» actions
| Assign group hotkey | 1 | |
| Basic commands | 12 | |
| Build / train | 42 | |
| Enter build submenu | 12 | |
| Enter hero's abilities submenu | 9 | |
| Give item / drop item | 2 | |
| Right click | 287 | |
| Select / deselect | 201 | |
| Select group hotkey | 3 | |
| Use ability | 60 | |
629 total
» units
| Acolyte | 2 | |
| Ghoul | 3 | |
| Crypt Fiend | 8 | |
| Obsidian Statue | 2 | |
15 total
» upgrades
| Creature Attack | 2 | |
| Burrow | 1 | |
| Creature Carapace | 2 | |
| Web | 1 | |
6 total
» buildings
| Graveyard | 1 | |
| Crypt | 1 | |
| Altar of Darkness | 1 | |
| Ziggurat | 6 | |
| Tomb of Relics | 2 | |
| Halls of the Dead | 2 | |
| Slaughterhouse | 1 | |
| Black Citadel | 1 | |
| Sacrificial Pit | 1 | |
16 total
» build order
00:06 Graveyard
00:08 Crypt
00:35 Altar of Darkness
00:44 Ziggurat
01:02 Tomb of Relics
01:29 Tomb of Relics
01:54 Ziggurat
03:50 Halls of the Dead
03:50 Halls of the Dead
04:24 Ziggurat
05:24 Ziggurat
07:51 Slaughterhouse
10:05 Black Citadel
10:08 Sacrificial Pit
10:09 Ziggurat
10:09 Ziggurat
» items
| Rod of Necromancy | 2 | |
| Potion of Healing | 1 | |
3 total
NightElfWh0re (
teal | 57 APM | 715 actions | 12:37)
4 Priestess of the Moon
2 Searing Arrows
2 Trueshot Aura
» actions
| Assign group hotkey | 16 | |
| Basic commands | 43 | |
| Build / train | 32 | |
| Enter build submenu | 13 | |
| Enter hero's abilities submenu | 4 | |
| Right click | 432 | |
| Select / deselect | 90 | |
| Select group hotkey | 70 | |
| Use ability | 15 | |
715 total
» units
| Wisp | 10 | |
| Huntress | 10 | |
| Druid of the Claw | 2 | |
22 total
» upgrades
» buildings
| Altar of Elders | 1 | |
| Moon Well | 4 | |
| Hunter's Hall | 1 | |
| Ancient of War | 2 | |
| Tree of Ages | 2 | |
| Tree of Eternity | 1 | |
| Ancient of Lore | 2 | |
13 total
» build order
00:04 Altar of Elders
00:16 Moon Well
01:23 Hunter's Hall
01:42 Ancient of War
02:01 Ancient of War
02:29 Moon Well
02:30 Moon Well
02:50 Moon Well
07:47 Tree of Ages
07:48 Tree of Ages
10:29 Tree of Eternity
10:38 Ancient of Lore
10:40 Ancient of Lore
team 2 (loser)
shArAh0evA (
purple | 76 APM | 954 actions | 12:37)
3 Far Seer
2 Feral Spirit
1 Chain Lighting
1 Tauren Chieftain
1 Shockwave
» actions
| Assign group hotkey | 27 | |
| Basic commands | 3 | |
| Build / train | 34 | |
| Enter build submenu | 15 | |
| Enter hero's abilities submenu | 4 | |
| Give item / drop item | 2 | |
| Right click | 627 | |
| Select / deselect | 177 | |
| Select group hotkey | 13 | |
| Use ability | 52 | |
954 total
» units
» upgrades
| Armor | 2 | |
| Ranged Weapons | 1 | |
| Berserker Strength | 1 | |
4 total
» buildings
| Altar of Storms | 1 | |
| Orc Burrow | 5 | |
| Barracks | 1 | |
| Voodoo Lounge | 1 | |
| Stronghold | 1 | |
| War Mill | 1 | |
| Beastiary | 2 | |
| Watch Tower | 2 | |
| Fortress | 1 | |
15 total
» build order
00:20 Altar of Storms
00:28 Orc Burrow
00:58 Barracks
01:22 Voodoo Lounge
02:10 Orc Burrow
02:40 Stronghold
03:35 War Mill
06:41 Beastiary
07:20 Watch Tower
08:53 Orc Burrow
09:01 Beastiary
09:42 Orc Burrow
09:45 Watch Tower
09:56 Fortress
10:08 Orc Burrow
» items
| Healing Salve | 1 | |
| Lesser Clarity Potion | 1 | |
| Potion of Mana | 2 | |
| Potion of Healing | 1 | |
5 total
Zephyd (
pink | 116 APM | 1461 actions | 12:37)
3 Dark Ranger
2 Black Arrow
1 Silence
1 Pandaren Brewmaster
1 Breath of Fire
» actions
| Assign group hotkey | 137 | |
| Basic commands | 8 | |
| Build / train | 37 | |
| ESC pressed | 9 | |
| Enter build submenu | 16 | |
| Enter hero's abilities submenu | 4 | |
| Right click | 794 | |
| Select / deselect | 292 | |
| Select group hotkey | 119 | |
| Use ability | 45 | |
1461 total
» units
| Wisp | 13 | |
| Archer | 6 | |
| Druid of the Claw | 1 | |
| Dryad | 7 | |
27 total
» upgrades
| Ultravision | 1 | |
| Druid of the Claw Training | 1 | |
2 total
» buildings
| Moon Well | 5 | |
| Altar of Elders | 1 | |
| Ancient of War | 1 | |
| Tree of Ages | 1 | |
| Hunter's Hall | 2 | |
| Ancient of Lore | 3 | |
| Tree of Eternity | 1 | |
14 total
» build order
00:05 Moon Well
01:00 Altar of Elders
01:14 Ancient of War
01:18 Moon Well
02:47 Tree of Ages
03:28 Moon Well
03:56 Hunter's Hall
04:03 Hunter's Hall
04:24 Moon Well
05:15 Ancient of Lore
05:17 Ancient of Lore
05:18 Ancient of Lore
06:11 Tree of Eternity
06:31 Moon Well
Chat log
(00:07 / All) Zephyd: bear_and
(00:20 / All) CRIT_AND_3: yeah
(00:23 / All) NightElfWh0re: bear_and sucks
(00:46 / All) Zephyd: towa
(00:53 / All) NightElfWh0re: towa is the worst clan on bnet
(01:06 / All) Zephyd: totally they r nubs hu towa rush
(10:17 / All) CRIT_AND_3: can leave
(10:22 / All) Zephyd: never
(10:38 / All) CRIT_AND_3: if you couldnt win a 2v2, what makes you think you stand a remote chance in 1v2
(10:57 / All) shArAh0evA: i dunno
(11:12 / All) shArAh0evA: i have grunts
(12:25 / All) Zephyd: lol
(12:36 / All) Zephyd: gg